 Dungeon Sprint DCSS version 0.27.1-3-gb3d3a73c9e (webtiles) character file.

Game seed: 14546028496176805348

6400000 raph the Axe Maniac (level 27, -12/228 HPs)
             Began as a Djinni Hedge Wizard on Oct 17, 2021.
             Was the Champion of Makhleb.
             Killed by the air
             ... invoked by a tyrant
              (51 damage)
             ... in the Dungeon (Sprint VIII: "Arena of Blood").
             The game lasted 00:04:19 (64 turns).

raph the Axe Maniac (Djinni Hedge Wizard)             Turns: 64, Time: 00:04:20

Health: -12/228    AC:  4    Str:  9    XL:     27
Gold:   0          EV: 36    Int: 19    God:    Makhleb [******] SH:  0 Dex: 23

rFire    + + .     SeeInvis .   i - +∞ Axe of Woe
rCold    x . .     Faith    .   (shield currently unavailable)
rNeg     . . .     Spirit   .   b - +0 robe
rPois    ∞         Reflect  .   c - +0 hat
rElec    .         Harm     .   (no cloak)
rCorr    .         Rampage  .   (no gloves)
Will     ++...     NoTele   +   (boots unavailable)
Stlth    ++++++++++             (no amulet)
HPRegen  0.48/turn              (no ring)
MPRegen  0.00/turn              (no ring)

@: death channeling, flying, very slightly contaminated
A: sickness immunity, fire resistance 2, cold vulnerability 1, float, innate
caster, hp casting, extra vitality 1
a: Renounce Religion, Minor Destruction, Lesser Servant of Makhleb, Major
Destruction, Greater Servant of Makhleb


You were in the Dungeon.
You worshipped Makhleb.
Makhleb was exalted by your worship.
You visited 1 branch

Inventory:

Hand Weapons
 a - a +0 dagger
 i - the +∞ Axe of Woe (weapon)
   (You found it in the Dungeon)
Armour
 b - a +0 robe (worn)
 c - a +0 hat (worn)
Scrolls
 h - a scroll of blinking
Potions
 d - a potion of curing
 e - a potion of heal wounds
 f - a potion of haste
 g - a potion of berserk rage


   Skills:
 O Level 27 Fighting
 + Level 23.4(26.8) Short Blades
 + Level 23.5(26.8) Long Blades
 O Level 27 Axes
 + Level 21.9(27) Maces & Flails
 + Level 21.9(27) Polearms
 + Level 23.5(27) Staves
 + Level 21.9(25.0) Slings
 + Level 22.0 Bows
 + Level 21.9 Crossbows
 + Level 21.9(25.1) Throwing
 + Level 25.2 Armour
 O Level 27 Dodging
 O Level 27 Stealth
 + Level 25.1 Unarmed Combat
 O Level 27 Spellcasting
 O Level 27 Invocations
 O Level 27 Evocations


You couldn't memorise any spells.
You knew the following spells:

 Your Spells              Type           Power      Damage    Failure   Level
a - Magic Dart            Conj           100%       1d8       0%          1
b - Blink                 Tloc           N/A        N/A       0%          2
c - Call Imp              Summ           91%        N/A       0%          2
d - Slow                  Hex            91%        N/A       0%          2
e - Conjure Flame         Conj/Fire      91%        6-21      0%          3
f - Mephitic Cloud        Conj/Pois/Air  91%        N/A       0%          3
g - Sandblast             Erth           100%       2d20      0%          1
h - Searing Ray           Conj           100%       3d7       0%          2
i - Dazzling Flash        Conj/Hex       100%       N/A       0%          3
j - Ice Form              Ice/Tmut       91%        N/A       0%          4
k - Airstrike             Air            45%        N/A       0%          4
l - Blade Hands           Tmut           45%        N/A       0%          5
m - Death Channel         Necr           45%        N/A       0%          6
n - Simulacrum            Ice/Necr       45%        N/A       0%          6
o - Iron Shot             Conj/Erth      45%        9d9       0%          6
p - Orb of Destruction    Conj           45%        9d15      0%          7
q - Monstrous Menagerie   Summ           45%        N/A       0%          7
r - Disjunction           Tloc           45%        N/A       1%          8
s - Polar Vortex          Ice            45%        N/A       1%          9
Your spell library was empty.

Dungeon Overview and Level Annotations

Branches:
Dungeon (1/1)

Altars:
Makhleb


Innate Abilities, Weirdness & Mutations

You are immune to sickness and miasma.
You are immune to poison.
Your flesh is very heat resistant. (rF++)
You are vulnerable to cold. (rC-)
You float through the air rather than walking.
You learn spells naturally, not from books.
Your magical power is your life essence.
You have superior vitality. (+4 HP)


Message History

You hear a shout! x2
The meat berserker hits your spectral The Servant with a +9 battleaxe!!!!
The meat berserker hits your spectral bag of meat with a +9 battleaxe!
The meat berserker hits your spectral meat berserker with a +9 battleaxe!!!
The meat berserker hits your spectral bag of meat with a +9 battleaxe!!
You hear a shout!
The meat berserker completely misses your spectral meat berserker.
The meat berserker hits your spectral bag of meat with a +9 battleaxe!!!
Your spectral meat berserker hits the large abomination.
A tyrant comes into view.
You hear a shout! x3
The bag of meat hits your spectral meat berserker with a +9 war axe!
The meat berserker hits your spectral meat berserker with a +9 battleaxe!!
The meat berserker hits your spectral bag of meat with a +9 battleaxe!!!
A bag of meat comes into view. It is wielding a +9 war axe.
You hear a shout! x2
Your spectral The Servant hits the meat berserker.
Your spectral meat berserker hits the meat berserker!
You hear a shout!
Your Bows skill increases to level 22!
You slice the large abomination like a ripe choko!!!
You chop the large abomination into pieces.
You destroy the large abomination!
The meat berserker completely misses your spectral bag of meat.
The tyrant touches your spectral The Servant but does no damage.
You hear a shout!
Your spectral bag of meat hits the meat berserker.
The meat berserker hits your spectral The Servant with a +9 battleaxe!!!
The meat berserker hits your spectral bag of meat with a +9 battleaxe!!
You hear a shout! x2
The meat berserker hits your spectral meat berserker with a +9 battleaxe!!
The meat berserker hits your spectral bag of meat with a +9 battleaxe!!
The meat berserker hits your spectral meat berserker with a +9 battleaxe!!!
Your spectral meat berserker is destroyed!
The meat berserker hits your spectral bag of meat with a +9 battleaxe!!!
Your spectral bag of meat is destroyed!
You hear a shout!
The tyrant waves its bony arms in wide circles.
The air twists around and strikes you!!!
You die...

#... #... ...# .
o...###§.. ...###..
..........###......
..#........_.....
#.......#M.oX.#
.......V#OXOXL#
#......o#))OoX#...
..#.XX.OZ)ZLOX.O.....
..o.oLZO)@###........
..oz.###.).XX..###...
.... #.O.o...# .. ..
#...X...# ..........
........M..
......M....
........L..#


You could see 3 accurseds, 2 tentacled monstrosities, 4 tyrants, a destroyer, a
sculptor of flesh, 8 large abominations, 8 meat berserkers, 7 bags of meat, a
friendly spectral bag of meat, a friendly spectral meat berserker and the
friendly spectral The Servant.

Vanquished Creatures
  A wraith (D)
  Harold (D)
  5 vampire knights (D)
  14 ogres (D)
  A two-headed ogre (D)
  21 orcs (D)
  6 skeletal warriors (D)
49 creatures vanquished.

Notes
Turn   | Place    | Note
-------+----------+-------------------------------------------
     0 | D        | Found the +∞ Axe of Woe
     0 | D        | raph the Djinni Hedge Wizard began the quest for the Orb.
     0 | D        | Reached XP level 1. HP: 15/15 MP: 0/0
     0 | D        | Noticed a bag of meat
     2 | D        | Noticed a bag of meat
     2 | D        | Noticed a bag of meat
     3 | D        | Became a worshipper of Makhleb the Destroyer
     5 | D        | Noticed a bag of meat
     6 | D        | Killed a bag of meat
     6 | D        | Noticed a meat berserker
     7 | D        | Reached skill level 15 in Dodging
     7 | D        | Reached XP level 2. HP: 42/42 MP: 0/0
     7 | D        | Reached XP level 3. HP: 48/48 MP: 0/0
     7 | D        | Learned a level 1 spell: Sandblast
     7 | D        | Reached XP level 4. HP: 54/54 MP: 0/0
     7 | D        | Reached XP level 5. HP: 59/59 MP: 0/0
     7 | D        | Learned a level 2 spell: Searing Ray
     7 | D        | Reached XP level 6. HP: 66/66 MP: 0/0
     7 | D        | Reached XP level 7. HP: 71/71 MP: 0/0
     7 | D        | Learned a level 3 spell: Dazzling Flash
     7 | D        | Reached XP level 8. HP: 77/77 MP: 0/0
     7 | D        | Reached XP level 9. HP: 83/83 MP: 0/0
     7 | D        | Learned a level 4 spell: Ice Form
     7 | D        | Reached XP level 10. HP: 89/89 MP: 0/0
     7 | D        | Reached XP level 11. HP: 94/94 MP: 0/0
     7 | D        | Learned a level 4 spell: Airstrike
     7 | D        | Reached XP level 12. HP: 101/101 MP: 0/0
     7 | D        | Noticed a bag of meat
     8 | D        | Killed a bag of meat
     8 | D        | Reached * piety under Makhleb
     9 | D        | Reached XP level 13. HP: 111/111 MP: 0/0
     9 | D        | Learned a level 5 spell: Blade Hands
     9 | D        | Killed a meat berserker
    10 | D        | Reached XP level 14. HP: 123/123 MP: 0/0
    10 | D        | Reached XP level 15. HP: 129/129 MP: 0/0
    10 | D        | Learned a level 6 spell: Death Channel
    10 | D        | Noticed a meat berserker
    11 | D        | Reached ** piety under Makhleb
    11 | D        | Noticed a meat berserker
    12 | D        | Reached XP level 16. HP: 140/140 MP: 0/0
    14 | D        | Noticed a meat berserker
    16 | D        | Noticed a meat berserker
    16 | D        | Noticed a meat berserker
    17 | D        | Killed a meat berserker
    17 | D        | Noticed a meat berserker
    18 | D        | Reached skill level 10 in Spellcasting
    19 | D        | Reached XP level 17. HP: 149/149 MP: 0/0
    19 | D        | Learned a level 6 spell: Simulacrum
    19 | D        | Killed a meat berserker
    19 | D        | Reached *** piety under Makhleb
    20 | D        | Reached skill level 27 in Axes
    20 | D        | Reached XP level 18. HP: 159/159 MP: 0/0
    20 | D        | Killed a meat berserker
    21 | D        | Reached skill level 27 in Dodging
    22 | D        | Killed a meat berserker
    22 | D        | Reached **** piety under Makhleb
    23 | D        | Reached skill level 27 in Fighting
    23 | D        | Reached XP level 19. HP: 174/174 MP: 0/0
    23 | D        | Learned a level 6 spell: Iron Shot
    24 | D        | Reached XP level 20. HP: 181/181 MP: 0/0
    24 | D        | Killed a meat berserker
    24 | D        | Reached ***** piety under Makhleb
    25 | D        | Reached skill level 27 in Spellcasting
    25 | D        | Reached skill level 15 in Invocations
    25 | D        | Killed a meat berserker
    26 | D        | Reached XP level 21. HP: 187/187 MP: 0/0
    26 | D        | Learned a level 7 spell: Orb of Destruction
    27 | D        | Reached skill level 27 in Invocations
    28 | D        | Noticed a large bag of meat
    28 | D        | Noticed a meat berserker
    30 | D        | Noticed a meat berserker
    32 | D        | Killed a large bag of meat
    32 | D        | Noticed a meat berserker
    33 | D        | Reached XP level 22. HP: 185/194 MP: 0/0
    33 | D        | Noticed a meat berserker
    35 | D        | Killed a meat berserker
    36 | D        | Reached skill level 27 in Stealth
    36 | D        | Reached skill level 5 in Evocations
    36 | D        | Noticed a destroyer
    36 | D        | Reached ****** piety under Makhleb
    37 | D        | Reached skill level 5 in Armour
    37 | D        | Reached skill level 5 in Unarmed Combat
    37 | D        | Killed a meat berserker
    37 | D        | Noticed a destroyer
    38 | D        | Reached XP level 23. HP: 201/201 MP: 0/0
    38 | D        | Learned a level 7 spell: Monstrous Menagerie
    38 | D        | Noticed a destroyer
    38 | D        | Noticed The Servant
    40 | D        | Reached skill level 10 in Armour
    40 | D        | Reached skill level 10 in Unarmed Combat
    41 | D        | Noticed a destroyer
    41 | D        | Noticed a destroyer
    42 | D        | Reached skill level 10 in Maces & Flails
    42 | D        | Reached skill level 10 in Polearms
    42 | D        | Reached skill level 10 in Slings
    42 | D        | Reached skill level 10 in Bows
    42 | D        | Reached skill level 10 in Crossbows
    42 | D        | Reached skill level 10 in Throwing
    42 | D        | Reached XP level 24. HP: 208/208 MP: 0/0
    44 | D        | Noticed an accursed
    44 | D        | Killed a destroyer
    47 | D        | Reached XP level 25. HP: 214/214 MP: 0/0
    47 | D        | Learned a level 8 spell: Disjunction
    47 | D        | Killed a destroyer
    48 | D        | Reached skill level 15 in Unarmed Combat
    49 | D        | Reached skill level 15 in Short Blades
    49 | D        | Reached skill level 15 in Long Blades
    49 | D        | Reached skill level 15 in Staves
    50 | D        | Noticed a destroyer
    51 | D        | Killed The Servant
    52 | D        | Reached skill level 15 in Maces & Flails
    52 | D        | Reached skill level 15 in Polearms
    52 | D        | Reached skill level 15 in Slings
    52 | D        | Reached skill level 15 in Bows
    52 | D        | Reached skill level 15 in Crossbows
    52 | D        | Reached skill level 15 in Throwing
    52 | D        | Reached XP level 26. HP: 135/221 MP: 0/0
    52 | D        | Killed a destroyer
    52 | D        | Killed a destroyer
    53 | D        | Reached skill level 27 in Evocations
    53 | D        | Reached XP level 27. HP: 208/228 MP: 0/0
    53 | D        | Learned a level 9 spell: Polar Vortex
    53 | D        | Noticed a tyrant
    55 | D        | Killed a destroyer
    59 | D        | Noticed a tyrant
    59 | D        | Noticed an accursed
    60 | D        | Noticed a tyrant
    61 | D        | Noticed an accursed
    62 | D        | Noticed a dread
    62 | D        | Killed a dread
    63 | D        | Noticed a tyrant
    64 | D        | Killed from afar by a tyrant

Illustrated notes

Levels and vault maps discovered:
D:        meatsprint

Skill      XL: |  1  2  3  4  5  6  7  8  9 10 11 12 13 14 15 16 17 18 19 20 21 22 23 24 25 26 27 |
---------------+----------------------------------------------------------------------------------+-----
Fighting       | 14 16 19 21 22 23 27 | 27.0
Axes           | 16 19 22 24 26 27 | 27.0
Dodging        | 15 18 20 22 24 25 27 | 27.0
Spellcasting   | 11 14 22 25 27 | 27.0
Invocations    | 23 27 | 27.0
Stealth        | 22 27 | 27.0
Short Blades   | 8 11 13 16 18 23 | 23.4
Long Blades    | 8 11 13 16 18 23 | 23.5
Maces & Flails | 7 10 12 15 17 21 | 21.9
Polearms       | 7 10 12 15 17 21 | 21.9
Staves         | 8 11 13 16 18 23 | 23.5
Slings         | 7 10 12 15 17 21 | 21.9
Bows           | 7 10 12 15 17 22 | 22.0
Crossbows      | 7 10 12 15 17 21 | 21.9
Throwing       | 7 10 12 15 17 21 | 21.9
Armour         | 9 12 14 18 20 25 | 25.2
Unarmed Combat | 9 11 14 17 19 25 | 25.1
Evocations     | 12 16 20 24 27 | 27.0

Action                   |  1- 3 |  4- 6 |  7- 9 | 10-12 | 13-15 | 16-18 | 19-21 | 22-24 | 25-27 || total
-------------------------+-------+-------+-------+-------+-------+-------+-------+-------+-------++-------
Melee: Executioner's axe |     1 |       |       |     1 |     3 |     5 |     5 |     9 |    13 ||    37
 Cast: Iron Shot         |       |       |       |       |       |       |     2 |       |       ||     2
       Airstrike         |       |       |       |       |       |       |     1 |       |       ||     1
       Death Channel     |       |       |       |       |       |       |       |     1 |       ||     1
       Monstrous Menager |       |       |       |       |       |       |       |       |     2 ||     2
 Stab: Distracted        |       |       |       |       |       |       |       |     1 |       ||     1
